 Dungeon Crawl Stone Soup version 0.30.0-29-ga12c61a403 (webtiles) character file.

Game seed: 17593213157450116806

589 Peloso the Slasher (level 7, -2/61 HPs)
             Began as a Minotaur Fighter on June 24, 2023.
             Was a Follower of Okawaru.
             Slain by a gnoll
             ... wielding a +0 spear
              (6 damage)
             ... on level 5 of the Dungeon.
             The game lasted 00:06:49 (3847 turns).

Peloso the Slasher (Minotaur Fighter)               Turns: 3847, Time: 00:06:49

Health: -2/61      AC:  9    Str: 22    XL:     7   Next: 15%
Magic:  6/6        EV: 10    Int:  5    God:    Okawaru [*.....]
Gold:   238        SH:  5    Dex: 15    Spells: 6/6 levels left

rFire   . . .        b - +2 hand axe "Suurhiol" {flame, rPois Str+2 Dex+3}
rCold   . . .        d - +0 buckler
rNeg    . . .        c - +0 scale mail
rPois   +            g - +2 hat
rElec   .            (no cloak)
rCorr   .            (no gloves)
SInv    .            (no boots)
Will    .....        (no amulet) Stlth
                     (no ring)
HPRegen 0.30/turn    (no ring)
MPRegen 0.10/turn

%: no passive effects
@: lethally poisoned (-2 -> -12)
A: horns 2, retaliatory headbutt
a: Renounce Religion, Heroism


You were on level 5 of the Dungeon.
You worshipped Okawaru.
Okawaru was aware of your devotion.
You visited 1 branch of the dungeon, and saw 5 of its levels.

You collected 238 gold pieces.

Inventory:

Hand Weapons
 a - a +0 long sword
 b - the +2 hand axe "Suurhiol" (weapon) {flame, rPois Str+2 Dex+3}
   (You found it on level 4 of the Dungeon)

   Str:       It affects your strength (+2).
   Dex:       It affects your dexterity (+3).
   rPois:     It protects you from poison.
Armour
 c - a +0 scale mail (worn)
 d - a +0 buckler (worn)
 g - a +2 hat (worn)
Scrolls
 e - 3 scrolls of identify {unknown}
 f - a scroll of vulnerability {unknown}
 h - a scroll of enchant armour {unknown}
 i - a scroll of poison {unknown}
 j - a scroll of teleportation {unknown}
 k - a scroll of magic mapping {unknown}
 l - a scroll of fog {unknown}
 m - 2 scrolls of fear {unknown}
 n - a scroll of butterflies {unknown}
 s - a scroll of enchant weapon {unknown}
 t - a scroll of blinking {unknown}
Potions
 o - a potion of degeneration {unknown}
 p - a potion of haste
 q - a potion of magic {unknown}
 r - 2 potions of might


   Skills:
 + Level 5.2 Fighting
 + Level 6.3 Long Blades
 + Level 5.5 Armour
 + Level 1.2 Dodging
 + Level 1.1 Stealth
 + Level 4.9 Shields


You had 6 spell levels left.
You didn't know any spells.
Your spell library contained the following spells:

 Spells                   Type           Power      Damage    Failure   Level
 Sandblast                Erth           0%         2d4       85%         1
 Ensorcelled Hibernation  Hex/Ice        0%         N/A       94%         2
 Passwall                 Tmut/Erth      0%         N/A       94%         2
 Spider Form              Tmut/Pois      0%         N/A       99%         3
 Stone Arrow              Conj/Erth      0%         3d7       99%         3
 Anguish                  Hex/Necr       0%         N/A       100%        4


Dungeon Overview and Level Annotations

Branches:
Dungeon (5/15)
 Temple: D:4-7

Altars:
Makhleb
Nemelex Xobeh
Okawaru
Ru
Sif Muna
Vehumet

Shops:
D:3 (   D:5 =

Annotations:
D:3 1 runed translucent door, Crazy Yiuf


Innate Abilities, Weirdness & Mutations

You have a pair of horns on your head.
You reflexively headbutt those who attack you in melee.


Message History

You furiously retaliate!
You headbutt the gnoll, but do no damage.
You feel sick. The gnoll misses you. You block the gnoll's attack.
Unknown command.
You slash the gnoll! You burn the gnoll. You headbutt the gnoll.
You kill the gnoll!
Okawaru accepts your kill.
You hit the gnoll. You burn the gnoll.
You feel sick. The gnoll hits you with a +0 club. The gnoll barely misses you.
The gnoll hits you but does no damage.
The gnoll hits you from afar with a +0 spear.
The gnoll closely misses you. The gnoll hits you but does no damage.
You are more poisoned.
You slash the gnoll! You burn the gnoll.
You kill the gnoll!
Okawaru accepts your kill.
You feel very sick.
The gnoll hits you from afar with a +2 spear of venom.
The gnoll hits you from afar with a +0 spear!
Unknown command.
You feel sick.
You feel sick.
You feel sick.
You feel sick.
You feel sick.
You feel sick.
Okay, then.
You feel sick.
You feel sick. The gnoll hits you but does no damage.
The gnoll closely misses you.
You feel sick.
You are no longer poisoned.
The gnoll hits you from afar with a +2 spear of venom!
* * * LOW HITPOINT WARNING * * *
Found Tuhay's One-of-a-Kind Rings.
The gnoll hits you from afar with a +2 spear of venom!
* * * LOW HITPOINT WARNING * * *
You are lethally poisoned!
The gnoll hits you from afar with a +0 spear.
You die...

........########.#
................#....
####............#..∩
........).)....#...
###...>.........#..
#..............#
#..$...........#
#..............#
#..........g.@.#
#..........g...#
#..............#
################


You could see 2 gnolls.

Vanquished Creatures
  Menkaure (D:4)
  2 phantoms
  A scorpion (D:4)
  3 jellies
  Jessica (D:3)
  2 gnolls (D:5)
  3 adders
  An ufetubus (D:4)
  A worm (D:2)
  3 dart slugs
  7 orcs
  4 endoplasms
  A giant cockroach (D:1)
  6 goblins
  7 hobgoblins
  8 jackals
  4 kobolds
  9 quokkas
  8 ball pythons
  2 bats
  4 frilled lizards
  7 rats
85 creatures vanquished.

Notes
Turn   | Place    | Note
-------+----------+-------------------------------------------
     0 | D:1      | Peloso the Minotaur Fighter began the quest for the Orb.
     0 | D:1      | Reached XP level 1. HP: 19/19 MP: 0/0
   201 | D:1      | Reached XP level 2. HP: 27/27 MP: 1/1
   668 | D:1      | Reached XP level 3. HP: 33/33 MP: 2/2
  1148 | D:2      | Reached skill level 3 in Long Blades
  1513 | D:2      | Reached XP level 4. HP: 40/40 MP: 3/3
  1743 | D:2      | Identified the +2 helmet of Midnight {MP+9 Int+5}
  1756 | D:3      | Found a faded altar of an unknown god.
  1781 | D:3      | Identified the +2 trident "Ybyfeuta" {heavy, Int+3}
  1990 | D:3      | Noticed a phantom
  2007 | D:3      | Killed a phantom
  2008 | D:3      | Reached skill level 4 in Long Blades
  2008 | D:3      | Reached XP level 5. HP: 44/47 MP: 4/4
  2051 | D:3      | Noticed Jessica
  2061 | D:3      | Killed Jessica
  2223 | D:3      | Found Zairgh's Antique Weapon Shop.
  2304 | D:3      | Found an iron altar of Okawaru.
  2316 | D:3      | Found a shimmering blue altar of Sif Muna.
  2322 | D:3      | Found a radiant altar of Vehumet.
  2332 | D:3      | Became a worshipper of Warmaster Okawaru
  2338 | D:3      | Found a sacrificial altar of Ru.
  2658 | D:3      | Found a runed translucent door.
  2659 | D:3      | Noticed Crazy Yiuf
  2789 | D:4      | Noticed Menkaure
  2798 | D:4      | Killed Menkaure
  2799 | D:4      | Reached skill level 5 in Long Blades
  2799 | D:4      | Reached skill level 1 in Dodging
  2799 | D:4      | Reached XP level 6. HP: 11/55 MP: 5/5
  2963 | D:4      | Found a burning altar of Makhleb.
  2987 | D:4      | Reached skill level 5 in Armour
  3179 | D:4      | Identified the +2 hand axe "Suurhiol" {flame, rPois Str+2
                  | Dex+3}
  3344 | D:4      | Reached skill level 5 in Fighting
  3344 | D:4      | Reached skill level 1 in Stealth
  3561 | D:4      | Found a sparkling altar of Nemelex Xobeh.
  3682 | D:4      | Reached * piety under Okawaru
  3683 | D:4      | Reached skill level 6 in Long Blades
  3683 | D:4      | Reached XP level 7. HP: 61/61 MP: 6/6
  3800 | D:5      | Entered Level 5 of the Dungeon
  3846 | D:5      | Found Tuhay's One-of-a-Kind Rings.
  3847 | D:5      | Slain by a gnoll

Illustrated notes

Levels and vault maps discovered:
D:1:      nicolae_arrival_washed_ashore, layout_loops_corners, dk_noncrumbling_3
D:2:      layout_loops_cross
D:3:      layout_basic, grunt_temple_overflow_cloverleaf, serial_shops,
          nicolae_shop_getting_attention, chequers_ecumenical_altar_simple,
          uniq_crazy_yiuf_cottage, uniq_jessica
D:4:      layout_gridville, nemelex_dance_club_becter,
          mainiacjoe_overflow_tiny_flanked, corexii_hall_statues_i,
          uniq_menkaure
D:5:      layout_basic, nicolae_uskayaw_suspiria, nicolae_shop_unique_rings

Skill      XL: |  1  2  3  4  5  6 |
---------------+-------------------+-----
Fighting       | 4 5 |  5.2
Shields        | 4 |  4.9
Armour         | 4 5 |  5.5
Long Blades    | 3 4 5 6 |  6.3
Dodging        | 1 |  1.2
Stealth        | 1 |  1.1

Action                     |  1- 3 |  4- 6 |  7- 9 || total
---------------------------+-------+-------+-------++-------
  Melee: Long sword        |   118 |   125 |     2 ||   245
         Headbutt          |    13 |    12 |     2 ||    27
         Hand axe          |       |       |     4 ||     4
    Use: Potion            |     1 |     2 |       ||     3
   Stab: Invisible         |       |     1 |       ||     1
 Armour: Scale mail        |    54 |    48 |     7 ||   109
  Dodge: Dodged            |    45 |    76 |     7 ||   128
  Block: Buckler           |    34 |    24 |     2 ||    60
